cohdb
Replays
Latest Replays
All Replays
Popular Replays
Top Player Replays
Match Explorer
How It Works
Community
CoH3 Stats
Reddit
Sign in to upload your games and track your stats! →
Sign in with Steam
Match 46089223
Unlisted
Match 46089223
Overview
Messages
Build Orders
End
Construct Infanterie Kompanie
Selects Luftwaffe Battlegroup
Selects Luftwaffe Pioneer Support
Fallschirmpioneer Squad Paradrop
MG 42 Machine Gun Team
Fallschirmpioneer Squad Paradrop
Construct Luftwaffe Kompanie
Grenadier Squad
221 Scout Car
Selects LG40 Recoilless Gun Paradrop
Jäger Squad
Medical Bunker
Support Elements
Wirbelwind Flakpanzer
Jäger Squad
Selects Infantry Reserves
Selects Stuka Strafing Run
Construct Panzergrenadier Kompanie
Nebelwerfer 42 Rocket Launcher Team
Selects Fallschirmjäger Squad Paradrop
StuG III G Assault Gun
Pioneer Squad
T.R. Olvadi
Nico-Nico-Nii~~
Stana
Bego
0
0
Comments
sign in to comment!
No comments posted yet!